AoeStats
← ponuno

Nomad

509145984Analyzed
4v4 RM · 8d ago on Sep 25, 2026· 51m 39s· 8 players
Game mode
Random Map
Map size
231×231
Population
200
Speed
Normal
Resources
Standard
Victory
Conquest
Starting age
Dark Age
Ending age
Imperial Age
RankedLock teamsTeams togetherTeam positionsShared explorationLock speedFull tech treeHidden civsTurbo modeCheats
Victory
Defeat
🇷🇺 Persians · Russia
1807
+8
🇨🇳 Teutons · China
1749
+10
🇫🇮 Vikings · Finland
1623
+15
🇦🇷 Khmer · Argentina
1507
+20
🇷🇺 Gurjaras · Russia
1669
-16
🇧🇾 Shu · Belarus
1622
-14
🇧🇾 Vietnamese · Belarus
1568
-12
🇧🇾 Huns · Belarus
1548
-11
[RUS-F] Dourdom
13:40 Feudal Age
12:17 Loom
14:17 Town Watch
17:12 Castle Age
15:40 Double-Bit Axe
16:47 Scale Barding Armor
17:59 Bloodlines
20:31 Chain Barding Armor
25:25 Bow Saw
27:42 Horse Collar
30:25 Wheelbarrow
33:18 Husbandry
33:31 Forging
33:31 Gold Mining
33:57 Husbandry
34:36 Hand Cart
38:34 Imperial Age
36:38 Forging
37:49 Fletching
40:05 Plate Barding Armor
41:57 Bodkin Arrow
43:07 Padded Archer Armor
44:29 Chemistry
44:14 Padded Archer Armor
44:05 Fishing Lines
45:35 Leather Archer Armor
46:06 Stone Mining
46:52 Gold Shaft Mining
46:54 Ring Archer Armor
47:11 Caravan
47:47 Conscription
49:52 Iron Casting
49:17 Scale Mail Armor
49:14 Heavy Camel Rider
50:17 Kamandaran
50:30 Citadels
50:56 Ballistics
51:57 Blast Furnace
51:18 Thumb Ring
lobo
5:44 Loom
15:33 Feudal Age
18:14 Castle Age
16:03 Horse Collar
16:18 Double-Bit Axe
18:34 Wheelbarrow
19:17 Bow Saw
19:14 Heavy Plow
19:52 Fishing Lines
20:19 Town Watch
24:52 Forging
24:47 Scale Mail Armor
25:48 Scale Barding Armor
27:19 Chain Barding Armor
27:13 Bloodlines
27:51 Forging
28:52 Hand Cart
28:48 Gold Mining
28:49 Stone Mining
33:47 Imperial Age
32:00 Husbandry
33:21 Iron Casting
32:25 Light Cavalry
33:48 Elite Battle Elephant
35:07 Plate Barding Armor
36:21 Blast Furnace
36:31 Crop Rotation
35:45 Hussar
39:36 Conscription
39:55 Tusk Swords
41:23 Siege Engineers
41:12 Elite Ballista Elephant
42:42 Double Crossbow
43:12 Town Patrol
46:30 Ballistics
47:10 Chemistry
49:48 Fletching
51:42 Fortified Wall
51:33 Bodkin Arrow
胖子事情多
5:24 Loom
12:15 Feudal Age
14:29 Double-Bit Axe
19:25 Wheelbarrow
22:08 Castle Age
22:30 Horse Collar
23:11 Medium Warships
24:14 Bow Saw
26:18 Heavy Plow
27:20 Hand Cart
27:11 Town Watch
36:09 Imperial Age
34:14 Gold Mining
34:14 Stone Mining
36:24 Bloodlines
36:16 Cavalier
37:11 Scale Mail Armor
37:21 Forging
37:47 Conscription
38:08 Scale Barding Armor
37:55 Paladin
39:18 Chain Barding Armor
40:19 Iron Casting
44:10 Plate Barding Armor
44:36 Blast Furnace
45:52 Blast Furnace
44:53 Padded Archer Armor
46:20 Siege Engineers
46:28 Capped Ram
48:43 Chain Mail Armor
48:36 Squires
48:22 Gambesons
48:22 Arson
50:42 Elite Teutonic Knight
52:17 Plate Mail Armor
51:09 Pikeman
Sunset
8:57 Loom
13:04 Feudal Age
18:11 Castle Age
16:29 Double-Bit Axe
17:12 Gold Mining
17:45 Fletching
18:55 Pikeman
DzeDanik
4:35 Loom
16:03 Feudal Age
20:40 Castle Age
18:33 Fletching
18:52 Town Watch
21:12 Padded Archer Armor
21:23 Bodkin Arrow
20:50 Crossbowman
23:26 Leather Archer Armor
31:48 Ballistics
34:48 Imperial Age
33:25 Ballistics
34:05 Thumb Ring
35:52 Wheelbarrow
34:50 Arbalester
35:31 Bracer
36:37 Chemistry
38:33 Ring Archer Armor
39:23 Scale Mail Armor
39:33 Forging
40:04 Guilds
40:02 Pikeman
40:42 Squires
41:00 Horse Collar
43:00 Chain Mail Armor
44:25 Plate Mail Armor
47:18 Coiled Serpent Array
49:32 Conscription
ponuno
4:07 Loom
14:01 Feudal Age
17:29 Castle Age
17:20 Double-Bit Axe
19:09 Bow Saw
26:42 Horse Collar
26:57 Fletching
28:48 Wheelbarrow
29:04 Town Watch
29:29 Heavy Plow
30:38 Hand Cart
30:38 Bloodlines
36:06 Imperial Age
33:51 Scale Barding Armor
34:34 Forging
34:46 Husbandry
35:54 Chain Barding Armor
35:31 Gold Mining
36:45 Heavy Camel Rider
42:38 Coinage
43:50 Plate Barding Armor
45:19 Iron Casting
46:56 Frontier Guards
48:23 Conscription
48:55 Light Cavalry
50:10 Kshatriyas
Zyzz
4:47 Loom
12:31 Feudal Age
13:09 Double-Bit Axe
16:55 Fletching
29:07 Horse Collar
30:23 Town Watch
35:00 Castle Age
34:44 Wheelbarrow
35:57 Bow Saw
39:08 Hand Cart
48:52 Imperial Age
46:50 Scale Mail Armor
46:20 Pikeman
47:01 Squires
47:47 Chain Mail Armor
48:50 Forging
49:05 Scale Barding Armor
48:58 Gold Mining
49:11 Heavy Plow
48:59 Halberdier
50:18 Iron Casting
49:13 Light Cavalry
49:53 Husbandry
50:10 Scale Barding Armor
50:17 Bloodlines
51:26 Chain Barding Armor
PromoART
9:55 Loom
12:45 Feudal Age
14:13 Double-Bit Axe
21:12 Castle Age
19:51 Horse Collar
22:06 Medium Warships
21:48 Fletching
22:11 Bow Saw
23:30 Bodkin Arrow
23:40 Heavy Plow
24:41 Wheelbarrow
26:28 Hand Cart
34:12 Ballistics
34:47 Padded Archer Armor
36:18 Leather Archer Armor
36:33 Scale Mail Armor
37:07 Squires
38:33 Chain Mail Armor
44:10 Imperial Age
43:10 Forging
43:08 Pikeman
44:29 Iron Casting
44:36 Halberdier
Connection lost

Rejoining the realm…

Still unreachable

The connection could not be restored.

Session expired

The server has moved on; the page needs a fresh start.